 Dungeon Crawl Stone Soup version 0.32-a0-909-gc671339a80 (webtiles) character file.

Game seed: 8481733116099609304

6794 ouz the Spear-Bearer (level 11, -6/86 (87) HPs)
             Began as a Formicid Fighter on Apr 7, 2024.
             Was an Initiate of Gozag.
             Mangled by a +2 spectral giant spiked club (42 damage)
             ... created by Erolcha
             ... on level 9 of the Dungeon.
             The game lasted 00:09:11 (8934 turns).

ouz the Spear-Bearer (Formicid Fighter)             Turns: 8934, Time: 00:09:11

HP:   -6/86 (87)    AC: 15    Str: 23    XL:     11   Next: 25%
MP:   11/11         EV: 12    Int:  8    God:    Gozag
Gold: 841           SH:  9    Dex: 17    Spells: 10/10 levels left

rFire   . . .        E - +2 halberd (elec)
rCold   x . .        A - +2 buckler
rNeg    . . .        J - +0 chain mail
rPois   .            (helmet unavailable)
rElec   .            o - +0 cloak
rCorr   .            w - +0 pair of gloves
SInv    +            M - +0 pair of boots
Will    +....        (no amulet) Stlth
                     e - +5 ring of evasion
HPRegen 0.34/turn    l - +4 ring of protection
MPRegen 0.12/turn

%: no passive effects
@: lightly drained
A: permanent stasis, dig shafts and tunnels, antennae 3, four strong arms, agile
1, deformed body, wild magic 1, cold vulnerability 1
a: Dig, Shaft Self, Renounce Religion, Potion Petition, Call Merchant, Bribe
Branch


You were on level 9 of the Dungeon.
You worshipped Gozag.
Gozag was pleased with you.
You visited 2 branches of the dungeon, and saw 10 of its levels.
You also visited: Bailey.

You collected 968 gold pieces.
You paid 127 gold pieces to Gozag.

Inventory:

Hand Weapons
 a - a +1 trident
 u - a +0 halberd
 y - a +1 halberd of draining
 E - a +2 halberd of electrocution (weapon)
Armour
 b - a +0 scale mail
 c - a +0 buckler
 o - a +0 cloak (worn)
 w - a +0 pair of gloves (worn)
 A - a +2 buckler (worn)
 J - a +0 chain mail (worn)
 M - a +0 pair of boots (worn)
Jewellery
 e - a +5 ring of evasion (left hand)
 l - a +4 ring of protection (right hand)
 m - a ring of fire
 n - a +6 ring of intelligence
 q - an amulet of magic regeneration
 s - a ring of protection from cold
 x - an amulet of faith
 z - a ring of protection from fire
Wands
 B - a wand of flame (52)
 I - a wand of paralysis (10)
 L - a wand of roots (12)
Scrolls
 t - a scroll of amnesia
 F - a scroll of identify
 K - a scroll of fear
Potions
 d - 2 potions of might
 f - a potion of heal wounds
 g - 3 potions of curing
 h - 5 potions of attraction
 i - 3 potions of haste
 j - 2 potions of berserk rage
 k - a potion of lignification {unknown}
 p - 2 potions of ambrosia {unknown}
 r - 2 potions of degeneration {unknown}
 v - a potion of enlightenment {unknown}
 C - 2 potions of brilliance {unknown}
 D - 3 potions of magic {unknown}
 G - 5 potions of cancellation {unknown}
 H - 3 potions of resistance {unknown}


   Skills:
 + Level 8.8 Fighting
 * Level 10.7 Polearms
 + Level 8.8 Armour
 + Level 10.5 Shields


You had 10 spell levels left.
You didn't know any spells.
Your spell library contained the following spells:

 Spells                   Type           Power      Damage    Failure   Level
 Magic Dart               Conj           0%         1d3       96%         1
 Call Imp                 Summ           0%         N/A       99%         2
 Lesser Beckoning         Tloc           0%         N/A       99%         2
 Momentum Strike          Conj/Tloc      0%         3d8       99%         2
 Sublimation of Blood     Necr           0%         N/A       99%         2
 Summon Hydra             Summ           0%         N/A       100%        7
 Blink                    Tloc           Unusable   N/A       N/A         2

Dungeon Overview and Level Annotations

Branches:
Dungeon (9/15)             Temple (1/1) D:6          Bailey (visited)
   Lair: D:8-11         Orc: D:9-12

Altars:
Ashenzari
Cheibriados
Dithmenos
Elyvilon
Gozag
Hepliaklqana
Makhleb
Nemelex Xobeh
Okawaru
Qazlal
Ru
Sif Muna
Trog
Uskayaw
Vehumet
Wu Jian
Xom
Yredelemnul
Zin
The Shining One

Shops:
D:1 (   D:7 *   D:8 =

Annotations:
D:4 exclusion: statue
D:9 Erolcha


Innate Abilities, Weirdness & Mutations

You cannot be hasted, slowed, berserked, paralysed or teleported.
You can dig through walls and to a lower floor.
You have a pair of large antennae on your head. (SInv)
Your four strong arms can wield two-handed weapons with a shield.
You are agile. (Dex +4, Str/Int -1)
Armour fits poorly on your strangely shaped body.
Your spells are a little harder to cast, but a little more powerful.
You are vulnerable to cold. (rC-)


Message History

The wight hits you from afar with a +3 spear!
The killer bee closely misses you.
You miss the killer bee.
The killer bee is heavily wounded.
You block the killer bee's attack. You block the wight's attack.
The killer bee stings you but does no damage.
You impale the killer bee!!
You kill the killer bee!
The wight hits you but does no damage. You block the wight's attack.
You see here 8 gold pieces.
Unknown command.
The wight hits you but does no damage.
You impale the wight!! Lightning courses through the wight!
You destroy the wight!
You now have 841 gold pieces (gained 14).
Things that are here:
a +3 spear; a +0 robe Erolcha is nearby!
Erolcha is nearby!
Erolcha is nearby!
You are too injured to fight recklessly!
Erolcha is distracted by your dazzling golden aura.
Erolcha is nearby!
Erolcha shouts!
Erolcha is nearby!
Erolcha screams, "Erolcha crush your head!"
Erolcha is nearby!
Erolcha is nearby!
You start resting.
Erolcha is nearby!
Erolcha is nearby!
Erolcha points at you and mumbles some strange words.
You easily resist.
You impale Erolcha!!
Erolcha is heavily wounded.
Erolcha closely misses you.
The +2 spectral giant spiked club hits you!!!
You die...
Your body crumbles into a pile of gold.

.........{....#..z..........
#...###..# #.##..##.........
#..##..#.# #......##.........
#..#.....###.......#.........
..........##...##...[.......
..........##.#..####........
..........#..#...###..##.### .
###..........##(O.$$.......##..
##......#####.@###...........
##...### #....#........y...
##..## ###...........#. #
#.#..... ##.$)......#.... #
.........####....$.....#.##.
.##.....#.....)....$..........
........###.....$.............
#........#..................##
#...............$...........#


You could see Erolcha and a +2 spectral giant spiked club (wandering).

Vanquished Creatures
  A two-headed ogre (D:9)
  An orc knight (Bailey)
  Prince Ribbit (D:9)
  12 yaks (D:8)
  3 water moccasins
  2 ogres (D:5)
  4 centaurs
  A phantom (D:5)
  A kobold brigand (D:8)
  2 scorpions
  A gnoll sergeant (D:5)
  13 wights
  16 killer bees
  2 howler monkeys
  2 electric eels (D:7)
  2 bombardier beetles
  5 jellies
  8 orc priests
  4 iguanas
  A sleepcap (D:7)
  10 orc wizards
  14 gnolls
  7 adders
  4 white imps
  2 dart slugs (D:2)
  4 ribbon worms
  35 orcs
  10 endoplasms
  3 giant cockroaches
  9 hobgoblins
  8 jackals
  8 kobolds
  4 quokkas
  4 ball pythons
  2 frilled lizards
  6 goblins
  9 rats
221 creatures vanquished.

Notes
Turn   | Place    | Note
-------+----------+-------------------------------------------
     0 | D:1      | ouz the Formicid Fighter began the quest for the Orb.
     0 | D:1      | Reached XP level 1. HP: 18/18 MP: 1/1
    75 | D:1      | Found Kirul's Weapon Emporium.
   148 | D:1      | Reached XP level 2. HP: 19/24 MP: 2/2
   724 | D:2      | Reached XP level 3. HP: 28/29 MP: 3/3
   922 | D:2      | Reached XP level 4. HP: 35/37 MP: 4/4
  1303 | D:2      | Found a broken altar of Ashenzari.
  1474 | D:3      | Reached XP level 5. HP: 27/42 MP: 5/5
  1552 | D:3      | Reached skill level 5 in Shields
  1972 | D:3      | Found an iron altar of Okawaru.
  1975 | D:3      | Found a hide-covered altar of Uskayaw.
  1979 | D:3      | Found a shadowy altar of Dithmenos.
  2100 | D:3      | Found a sparkling altar of Nemelex Xobeh.
  2346 | D:4      | Reached XP level 6. HP: 48/48 MP: 6/6
  2645 | D:4      | Reached XP level 7. HP: 55/55 MP: 7/7
  2806 | D:4      | Found a radiant altar of Vehumet.
  3176 | D:5      | Entered Level 5 of the Dungeon
  3232 | D:5      | Reached skill level 5 in Polearms
  3372 | D:5      | Reached skill level 5 in Fighting
  3372 | D:5      | Reached skill level 5 in Armour
  3528 | D:5      | Reached XP level 8. HP: 61/62 MP: 8/8
  3932 | D:5      | Found a shimmering altar of Xom.
  3941 | D:5      | Found a white marble altar of Elyvilon.
  4299 | D:6      | Found a staircase to the Ecumenical Temple.
  4406 | Temple   | Entered the Ecumenical Temple
  4722 | D:6      | Found a hazy altar of Hepliaklqana.
  4731 | D:6      | Reached XP level 9. HP: 69/69 MP: 9/9
  5174 | D:7      | Found a flagged portal.
  5180 | Bailey   | Entered a bailey
  5375 | Bailey   | Noticed an orc knight
  5388 | Bailey   | Killed an orc knight
  6030 | D:7      | Found Oxki's CLEARANCE SALE!.
  6119 | D:7      | Found an ornate altar of the Wu Jian Council.
  6345 | Temple   | Became a worshipper of Gozag Ym Sagoz the Greedy
  6750 | D:8      | Found Keqof's Jewellery Shop.
  6761 | D:8      | Found a shimmering blue altar of Sif Muna.
  7050 | D:8      | Reached XP level 10. HP: 79/79 MP: 10/10
  7380 | D:8      | Found a stormy altar of Qazlal.
  7893 | D:8      | Gained mutation: You are partially covered in iridescent
                  | scales. (AC +2) [potion of mutation]
  7893 | D:8      | Gained mutation: You are frail. (-10% HP) [potion of
                  | mutation]
  7894 | D:8      | Lost mutation: You are partially covered in iridescent
                  | scales. (AC +2) [potion of mutation]
  7894 | D:8      | Lost mutation: You are frail. (-10% HP) [potion of
                  | mutation]
  7894 | D:8      | Gained mutation: Your body sometimes deteriorates upon
                  | taking damage. [potion of mutation]
  7894 | D:8      | Gained mutation: You are clumsy. (Dex -2) [potion of
                  | mutation]
  7894 | D:8      | Gained mutation: You are vulnerable to cold. (rC-) [potion
                  | of mutation]
  7895 | D:8      | Lost mutation: Your body sometimes deteriorates upon taking
                  | damage. [potion of mutation]
  7895 | D:8      | Lost mutation: You are clumsy. (Dex -2) [potion of
                  | mutation]
  7895 | D:8      | Gained mutation: Your spells are a little harder to cast,
                  | but a little more powerful. [potion of mutation]
  7895 | D:8      | Gained mutation: Armour fits poorly on your strangely
                  | shaped body. [potion of mutation]
  7895 | D:8      | Gained mutation: You are agile. (Dex +4, Str/Int -1)
                  | [potion of mutation]
  7957 | D:9      | Noticed a two-headed ogre
  7964 | D:9      | Killed a two-headed ogre
  7965 | D:9      | Reached skill level 10 in Polearms
  8017 | D:9      | Reached skill level 10 in Shields
  8017 | D:9      | Reached XP level 11. HP: 44/87 MP: 11/11
  8348 | D:9      | Noticed Prince Ribbit
  8398 | D:9      | Noticed Erolcha
  8876 | D:9      | Killed Prince Ribbit
  8934 | D:9      | Mangled by a +2 spectral giant spiked club

Illustrated notes

Levels and vault maps discovered:
D:1:      dpeg_arrival_ratfight, layout_loops_ring, serial_shops,
          nicolae_shop_peninsula, st_stairs_8, nicolae_kite_square_tiling_tiny
D:2:      layout_loops_ring, basic_altar, kennysheep_generic_room_3
D:3:      layout_rooms, nemelex_dance_club_becter, grunt_temple_overflow_diamond
D:4:      layout_loops_cross, vehumet_statue
D:5:      layout_loops_ring, amethyst_overflow_temple_binary
D:6:      layout_loops_ring, lemuel_crystal_altar, minmay_temple_entry_mist
D:7:      layout_gridville, general_overflow_altar, enter_bailey_3,
          minmay_misc_feat_iff, fountainhead, nicolae_shop_clearance
D:8:      layout_cave_pools, led_sif_book, old_standard_altar,
          nicolae_stop_n_shop_2, kennysheep_generic_room_5
D:9:      layout_cave_pools, st_stairs_6, uniq_erolcha, uniq_prince_ribbit1
Temple:   chequers_temple_sunken

Skill      XL: |  1  2  3  4  5  6  7  8  9 10 |
---------------+-------------------------------+-----
Polearms       | 3 4 5 6 8 10 | 10.7
Fighting       | 4 5 6 7 8 |  8.8
Armour         | 4 5 6 7 8 |  8.8
Shields        | 5 6 7 8 10 | 10.5

Action                     |  1- 3 |  4- 6 |  7- 9 | 10-12 || total
---------------------------+-------+-------+-------+-------++-------
  Melee: Trident           |    80 |   200 |   108 |       ||   388
         Halberd           |       |       |   242 |   220 ||   462
  Evoke: Wand              |       |       |       |     1 ||     1
    Use: Scroll            |     2 |     2 |     6 |     4 ||    14
         Potion            |       |     1 |     3 |     6 ||    10
   Stab: Distracted        |       |       |     1 |     1 ||     2
         Paralysed         |       |       |       |     3 ||     3
 Armour: Scale mail        |    25 |    94 |   122 |       ||   241
         Chain mail        |       |       |    37 |   234 ||   271
  Dodge: Dodged            |    44 |    93 |   154 |   195 ||   486
  Block: Buckler           |    11 |    34 |    92 |   169 ||   306

Table legend: (Time is in decaauts)
 A = Elapsed time spent in this place.
 B = Non-inter-level travel time spent in this place.
 C = Inter-level travel time spent in this place.
 D = Time resting spent in this place.
 E = Time spent auto-exploring this place.
 F = Levels seen in this place.
 G = Mean time per level.
                   A        B        C        D        E       F      G
               +--------+--------+--------+--------+--------+-----+--------+
         Total |   9046 |   8681 |    365 |    629 |   6330 |  11 |  822.4 |
       Dungeon |   8556 |   8212 |    344 |    469 |   6149 |   9 |  950.7 |
        Temple |     23 |      2 |     21 |      0 |      0 |   1 |   23.0 |
        Bailey |    466 |    466 |      0 |    160 |    181 |   1 |  466.0 |
               +--------+--------+--------+--------+--------+-----+--------+

Top non-repeatable levels by time:
     D:8: 1930 daAuts
     D:5: 1053 daAuts
     D:4: 1016 daAuts
     D:7: 914 daAuts
     D:6: 845 daAuts
     D:2: 782 daAuts
     D:3: 734 daAuts
     D:1: 692 daAuts
     D:9: 587 daAuts
  Bailey: 466 daAuts
  Temple: 23 daAuts
